 Dungeon Crawl Stone Soup version 0.16-b1 (webtiles) character file.

176 McCoppin the Skirmisher (level 5, -6/38 HPs)
             Began as an Octopode Chaos Knight on Mar 13, 2015.
             Mangled by a worker ant (7 damage)
             ... on level 5 of the Dungeon.
             The game lasted 00:07:43 (2727 turns).

McCoppin the Skirmisher (Octopode Chaos Knight)     Turns: 2727, Time: 00:07:44

Health: -6/38      AC:  1    Str: 16    XL:     5   Next: 56%
Magic:  7/7        EV: 12    Int: 15    God:    Xom [.....*]
Gold:   142        SH:  0    Dex: 12    Spells: 0 memorised, 4 levels left

rFire  . . .     SeeInvis .     a - +0 falchion (chaos)
rCold  . . .     Clarity  .     (no shield)
rNeg   . . .     SustAb   .     (helmet restricted)
rPois  .         Gourm    .     (no amulet)
rElec  .         Spirit   .     m - ring of invisibility
rCorr  .         Warding  .     (no ring)
rMut   .         Stasis   .     (no ring)
MR     .....                    (no ring)
Stlth  ++........               (no ring)
                                (no ring)
                                (no ring)
                                (no ring)

@: mighty, lethally poisoned (-6 -> -17), not resistant to hostile enchantments,
unstealthy
A: almost no armour, amphibious, 8 rings, constrict 8, camouflage 1, gelatinous
body 1
a: Renounce Religion, Evoke Invisibility


You were on level 5 of the Dungeon.
You worshipped Xom.
You were Xom's teddy bear.
You were not hungry.

You visited 1 branch of the dungeon, and saw 5 of its levels.

You collected 142 gold pieces.

Inventory:

Hand weapons
 a - a +0 falchion of chaos (weapon)
 d - a +2 dagger of chaos
Missiles
 q - 16 stones (quivered)
Jewellery
 m - a ring of invisibility (left tentacle)
Scrolls
 b - 3 scrolls of noise {unknown}
 e - a scroll of enchant armour {unknown}
 f - a scroll of fog {unknown}
 g - a scroll of magic mapping {unknown}
 i - 3 scrolls of identify {unknown}
 l - a scroll of recharging {unknown}
Comestibles
 c - a bread ration
 h - a chunk of flesh
 j - a slice of pizza
 o - a meat ration


   Skills:
 - Level 4.5 Fighting
 - Level 4.3 Long Blades
 - Level 2.3 Dodging
 + Level 2.6 Evocations


You had 4 spell levels left.
You didn't know any spells.

Dungeon Overview and Level Annotations

Branches:
Dungeon (5/15)
 Temple: D:4-7

Altars:

Shops:
D:5 ?


Innate Abilities, Weirdness & Mutations

You cannot wear most types of armour.
You are amphibious.
You can wear up to eight rings at the same time.
You can use your tentacles to constrict many enemies at once.
Your skin changes colour to match your surroundings (Stealth).
Your rubbery body absorbs attacks (AC +1).


Message History

The worker ant bites you.
You are lethally poisoned!
The worker ant poisons you!
Drink which item? (? for menu, Esc to quit)
You feel very mighty all of a sudden.
You feel sick. The worker ant bites you!
* * * LOW HITPOINT WARNING * * *
You slash the worker ant! You burn the worker ant.
Your grab misses the worker ant.
The worker ant is severely wounded.
* * * LOW HITPOINT WARNING * * *
You feel sick. The worker ant bites you.
* * * LOW HITPOINT WARNING * * *
You closely miss the worker ant. You grab the worker ant.
The worker ant is severely wounded.
You constrict the worker ant, but do no damage.
* * * LOW HITPOINT WARNING * * *
You feel sick. The worker ant bites you!
You die...
Xom cackles wildly!

...÷.....Oo†..........'.........+
#....###.####O##....###.........#
#.#....#.# #.#...#.# ##....)..##
#8#.##.#.# #.#.###.# ##.....##
#.#.##.#.# #.#.###.# ##...##
#.#.##.#.# #..O....#######'##
#∩#......# ###o#####.....#.#
#.####.### #a#####.....#.# #.#
#.# #.@...........##### #8####.#
#####.#............ .......#
#.#.........### ########
#.###.##...## #.# #.##..## #.#
#.##..# #.# #.....# #.#######.#
#.........#


You could see an ogre, a worker ant and an orc.

Vanquished Creatures
  A worker ant (D:5)
  4 gnolls (D:3)
  6 adders
  A giant mite (D:4)
  A shadow imp (D:5)
  A worm (D:2)
  3 giant geckos (D:5)
  An ooze (D:5)
  5 bats
  A bat zombie (D:5)
  A giant cockroach (D:4)
  4 goblins (D:1)
  3 hobgoblins
  4 jackals
  2 kobolds (D:1)
  A quokka (D:3)
  5 giant newts
  A jackal zombie (D:5)
  4 rats
49 creatures vanquished.

Notes
Turn   | Place    | Note
--------------------------------------------------------------
     0 | D:1      | McCoppin, the Octopode Chaos Knight, began the quest for the Orb.
     0 | D:1      | Reached XP level 1. HP: 16/16 MP: 1/1
    48 | D:1      | Reached XP level 2. HP: 19/21 MP: 2/2
   292 | D:2      | Reached XP level 3. HP: 16/26 MP: 3/3
   548 | D:2      | XOM: smoke on damage
   747 | D:2      | Reached skill level 4 in Fighting
   747 | D:2      | Reached XP level 4. HP: 30/33 MP: 4/4
   753 | D:2      | XOM: colour smoke trail
   823 | D:2      | XOM: silly message
   868 | D:3      | XOM: confuse monster(s)
  1052 | D:3      | XOM: 8-stop teleportation journey
  1183 | D:3      | XOM: smoke on damage
  1370 | D:3      | Reached XP level 5. HP: 27/38 MP: 5/5
  1371 | D:3      | XOM: 2-stop teleportation journey
  1394 | D:3      | XOM: god gift: 19 gold pieces
  1401 | D:3      | XOM: medium Necr miscast
  1402 | D:3      | Noticed a shadow
  1402 | D:3      | Noticed a shadow
  1551 | D:4      | XOM: smoke on damage
  1810 | D:4      | Reached skill level 1 in Evocations
  1899 | D:4      | XOM: harmless Erth miscast
  2004 | D:5      | Entered Level 5 of the Dungeon
  2016 | D:5      | Found Kluetu's Magic Scroll Boutique.
  2115 | D:5      | XOM: harmless Conj miscast
  2297 | D:5      | XOM: divination: magic mapping
  2560 | D:5      | XOM: god gift: glowing dagger {god gift}
  2697 | D:5      | Noticed an ogre
  2697 | D:5      | Noticed an orc warrior
  2726 | D:5      | HP: 1/38 [worker ant (3)]
  2727 | D:5      | Mangled by a worker ant

Action                   |  1- 3 |  4- 6 || total
-------------------------+-------+-------++-------
Melee: Falchion          |    54 |    62 ||   116
  Use: Potion            |       |     8 ||     8
 Stab: Sleeping          |     3 |     3 ||     6
       Paralysed         |       |     1 ||     1
       Confused          |       |     1 ||     1
  Eat: Chunk             |       |     2 ||     2
       Bread ration      |       |     1 ||     1
